 Dungeon Crawl Stone Soup version 0.29.1-12-g30fa7ad0bf (webtiles) character file.

Game seed: 13223661156429486828

5161 styxcanada the Protected (level 10, -9/90 HPs)
             Began as a Minotaur Fighter on Jan 2, 2023.
             Was an Initiate of Gozag.
             Mangled by a torpor snail (13 damage)
             ... on level 1 of the Lair of Beasts.
             The game lasted 00:32:36 (8824 turns).

styxcanada the Protected (Minotaur Fighter)         Turns: 8824, Time: 00:32:37

Health: -9/90      AC: 19    Str: 22    XL:     10   Next: 33%
Magic:  18/18      EV:  7    Int: 11    God:    Gozag
Gold:   839        SH: 11    Dex: 16    Spells: 9/9 levels left

rFire   + . .      SeeInvis .   a - +2 war axe (flame)
rCold   . . .      Faith    .   c - +0 buckler
rNeg    . . .      Spirit   .   A - +0 plate armour
rPois   +          Reflect  +   (helmet restricted)
rElec   .          Harm     .   D - +2 cloak {Stlth+}
rCorr   .          Rampage  .   (no gloves)
Will    .....                   i - +0 pair of boots
Stlth   ..........              b - amulet of reflection
HPRegen 0.25/turn               j - ring "Xiomnudwye" {rPois MP+9 Str-3 Int+6 Dex+6 Stlth+}
MPRegen 0.16/turn               O - ring of protection from fire

@: mighty, gold aura, slowed, very slow
A: horns 2, retaliatory headbutt
a: Renounce Religion, Potion Petition, Call Merchant, Bribe Branch


You were on level 1 of the Lair of Beasts.
You worshipped Gozag.
Gozag was pleased with you.
You visited 3 branches of the dungeon, and saw 10 of its levels.
You also visited: Sewer.

You collected 968 gold pieces.
You paid 129 gold pieces to Gozag.

Inventory:

Hand Weapons
 a - a +2 war axe of flaming (weapon)
 s - a +5 sling of freezing
 I - a +2 scimitar of flaming
Missiles
 l - 5 atropa-tipped darts (quivered)
 q - 2 throwing nets
 K - 8 poisoned darts
Armour
 c - a +0 buckler (worn)
 i - a +0 pair of boots (worn)
 A - a +0 plate armour (worn)
 D - a +2 cloak of stealth (worn)
Jewellery
 b - an amulet of reflection (around neck)
 j - the ring "Xiomnudwye" (left hand) {rPois MP+9 Str-3 Int+6 Dex+6 Stlth+}
   (You acquired it on level 3 of the Dungeon)

   [ring of dexterity]

   Str:       It affects your strength (-3).
   Int:       It affects your intelligence (+6).
   Dex:       It affects your dexterity (+6).
   rPois:     It protects you from poison.
   MP:        It affects your magic capacity (+9).
   Stlth:     It makes you more stealthy.
 O - a ring of protection from fire (right hand)
Wands
 m - a wand of quicksilver (5)
 t - a wand of paralysis (6)
 y - a wand of flame (32)
 N - a wand of mindburst (15)
Scrolls
 k - 4 scrolls of teleportation
 p - 2 scrolls of fear
 w - a scroll of blinking
 x - a scroll of immolation
 L - a scroll of noise
Potions
 e - a potion of magic
 g - 3 potions of haste
 h - a potion of invisibility
 n - a potion of heal wounds
 o - 5 potions of attraction
 u - 2 potions of cancellation
 v - 2 potions of curing
 G - a potion of berserk rage
 H - 2 potions of ambrosia {unknown}


   Skills:
 * Level 8.8 Fighting
 + Level 9.6 Axes
 + Level 0.2 Ranged Weapons
 + Level 1.7 Throwing
 * Level 9.7 Armour
 + Level 1.0 Dodging
 + Level 6.8 Shields
 * Level 6.1 Evocations


You had 9 spell levels left.
You didn't know any spells.
Your spell library was empty.

Dungeon Overview and Level Annotations

Branches:
Dungeon (8/15)             Temple (1/1) D:6            Lair (1/5) D:8
  Sewer (visited)

Altars:
Cheibriados
Dithmenos
Elyvilon
Fedhas
Gozag
Hepliaklqana
Makhleb
Nemelex Xobeh
Qazlal
Ru
Sif Muna
Trog
Uskayaw
Vehumet
Wu Jian
Xom
Yredelemnul
Zin
The Shining One
Lugonu


Innate Abilities, Weirdness & Mutations

You have a pair of horns on your head.
You reflexively headbutt those who attack you in melee.


Message History

You barely miss the yak. You slash the water moccasin!
You burn the water moccasin.
The water moccasin is no longer distracted by gold.
You closely miss the cane toad. The water moccasin closely misses you.
The wyvern is distracted by your dazzling golden aura.
You block the yak's attack.
The yak is distracted by your dazzling golden aura.
The water moccasin bites you but does no damage.
The yak is distracted by your dazzling golden aura.
The yak gores you but does no damage.
The cane toad is distracted by your dazzling golden aura.
The torpor snail closely misses you.
The cane toad croaks.
The wyvern hisses angrily.
The yak bellows! x2
You slice the yak!! You burn the yak!
You kill the yak!
You closely miss the yak. You hit the torpor snail. You burn the torpor snail.
You slash the yak! You burn the yak. You slash the wyvern! You burn the wyvern.
The wyvern is no longer distracted by gold.
You barely miss the water moccasin. You slash the cane toad!
You burn the cane toad.
The cane toad is no longer distracted by gold.
You hear an angry hiss. x2
The yak is no longer distracted by gold.
The water moccasin bites you.
* * * LOW HITPOINT WARNING * * *
The wyvern completely misses you. The cane toad stings you!
* * * LOW HITPOINT WARNING * * *
The yak closely misses you.
The yak is distracted by your dazzling golden aura.
The black bear is distracted by your dazzling golden aura.
The water moccasin bites you but does no damage.
The water moccasin barely misses you. You block the wyvern's attack.
The cane toad stings you.
* * * LOW HITPOINT WARNING * * *
The yak gores you but does no damage. The water moccasin bites you.
* * * LOW HITPOINT WARNING * * *
The torpor snail bites you!
You die...
Your body crumbles into a pile of gold.

#.........#.......#....
#...............>.......
##.........#.......#....
#..(...................
.........#.#.#.#.#....
...................
...............
.......YY......
.....hS@l......
.....lFwSY.....
.......Y.......
...............
...............
..........>....
...............
...............


You could see a torpor snail, 4 yaks, a cane toad, a basilisk, 2 water
moccasins, a black bear (unaware) and a wyvern.

Vanquished Creatures
  Maggie (D:7)
  A komodo dragon (D:8)
  A polar bear (Lair:1)
  Grinder (D:6)
  A yak (Lair:1)
  2 steam dragons
  3 vampire mosquitoes (D:8)
  2 orc warriors
  3 water moccasins
  3 ice beasts
  Pargi (D:3)
  2 ogres
  A centaur (D:5)
  2 phantoms
  A kobold brigand (D:8)
  8 bullfrogs
  A necrophage (D:6)
  7 scorpions
  3 electric eels (D:7)
  5 hounds
  4 orc priests
  Crazy Yiuf (D:6)
  4 jellies
  Jessica (D:3)
  6 iguanas
  Natasha (thrice) (D:3)
  4 orc wizards
  7 gnolls
  8 adders
  3 shadow imps
  2 white imps
  An ufetubus (D:4)
  A worm (D:3)
  22 orcs
  10 ball pythons
  5 endoplasms
  12 giant cockroaches
  6 goblins
  5 hobgoblins
  6 jackals (D:1)
  10 quokkas
  3 bats
  11 frilled lizards
  15 kobolds
  2 rats
201 creatures vanquished.

Vanquished Creatures (collateral kills)
  An ice beast (D:5)
1 creature vanquished.

Vanquished Creatures (others)
  A fungus (Lair:1)
  42 plants
43 creatures vanquished.

Grand Total: 245 creatures vanquished

Notes
Turn   | Place    | Note
-------+----------+-------------------------------------------
     0 | D:1      | styxcanada the Minotaur Fighter began the quest for the
                  | Orb.
     0 | D:1      | Reached XP level 1. HP: 19/19 MP: 0/0
   309 | D:1      | Reached XP level 2. HP: 26/27 MP: 1/1
  1029 | D:2      | Reached XP level 3. HP: 33/33 MP: 2/2
  1445 | D:3      | Noticed Natasha
  1448 | D:3      | Killed Natasha
  1449 | D:3      | Reached XP level 4. HP: 41/41 MP: 3/3
  1723 | D:3      | Identified a scroll of acquirement
  1723 | D:3      | Acquired the ring "Xiomnudwye" {rPois MP+9 Str-3 Int+6
                  | Dex+6 Stlth+}
  1882 | D:3      | Noticed Pargi
  1888 | D:3      | Killed Pargi
  1889 | D:3      | Reached skill level 5 in Armour
  1889 | D:3      | Reached XP level 5. HP: 40/47 MP: 4/4
  1940 | D:3      | Noticed Jessica
  1944 | D:3      | Killed Jessica
  1961 | D:3      | Found a glowing silver altar of Zin.
  2105 | D:3      | Reached skill level 5 in Fighting
  2246 | D:3      | Noticed Natasha
  2261 | D:3      | Killed Natasha
  2262 | D:3      | Reached XP level 6. HP: 56/56 MP: 5/5
  2267 | D:3      | Found a radiant altar of Vehumet.
  2363 | D:3      | Noticed Natasha
  2367 | D:3      | Killed Natasha
  2669 | D:4      | Found a shimmering altar of Xom.
  2669 | D:4      | Found a shimmering altar of Xom.
  2671 | D:4      | Found a shimmering altar of Xom.
  2671 | D:4      | Found a shimmering altar of Xom.
  2684 | D:4      | Found a shimmering altar of Xom.
  2684 | D:4      | Found a shimmering altar of Xom.
  2686 | D:4      | Found a shimmering altar of Xom.
  2719 | D:4      | Reached skill level 1 in Evocations
  2725 | D:4      | Reached skill level 5 in Axes
  2725 | D:4      | Reached XP level 7. HP: 29/61 MP: 6/6
  2736 | D:4      | Reached skill level 5 in Shields
  3078 | D:4      | Paralysed by a gnoll for 4 turns
  3202 | D:4      | Found a burning altar of Makhleb.
  3901 | D:5      | Entered Level 5 of the Dungeon
  3913 | D:5      | Found a hide-covered altar of Uskayaw.
  3975 | D:5      | Found a shadowy altar of Dithmenos.
  4065 | D:5      | Found a glowing drain.
  4091 | Sewer    | Entered a sewer
  4325 | Sewer    | Reached XP level 8. HP: 66/71 MP: 7/7
  4711 | D:5      | Found an ornate altar of the Wu Jian Council.
  5007 | D:5      | Reached skill level 1 in Dodging
  5661 | D:6      | Found a staircase to the Ecumenical Temple.
  5666 | Temple   | Entered the Ecumenical Temple
  5689 | Temple   | Became a worshipper of Gozag Ym Sagoz the Greedy
  5785 | D:6      | Reached XP level 9. HP: 79/79 MP: 8/8
  5816 | D:6      | Noticed Grinder
  5824 | D:6      | Killed Grinder
  6018 | D:6      | Found a runed translucent door.
  6019 | D:6      | Noticed Crazy Yiuf
  6027 | D:6      | Killed Crazy Yiuf
  6262 | D:7      | Reached skill level 1 in Throwing
  6317 | D:7      | Found a transporter.
  6389 | D:7      | Found a transporter.
  6408 | D:7      | Reached skill level 5 in Evocations
  6791 | D:7      | Found a glowing golden altar of the Shining One.
  6794 | D:7      | Found a stormy altar of Qazlal.
  6797 | D:7      | Found a sparkling altar of Nemelex Xobeh.
  6839 | D:7      | Noticed Maggie
  6852 | D:7      | Killed Maggie
  7518 | D:8      | Found a snail-covered altar of Cheibriados.
  7681 | D:8      | Reached XP level 10. HP: 37/89 MP: 9/9
  8031 | D:8      | Found a hazy altar of Hepliaklqana.
  8184 | D:8      | Found a basalt altar of Yredelemnul.
  8302 | D:8      | Found a staircase to the Lair.
  8652 | Lair:1   | Entered Level 1 of the Lair of Beasts
  8814 | Lair:1   | Noticed a torpor snail
  8818 | Lair:1   | Noticed a cane toad
  8824 | Lair:1   | HP: 4/90 [water moccasin (1)]
  8824 | Lair:1   | Mangled by a torpor snail

Illustrated notes

Levels and vault maps discovered:
D:1:      matt_arrival_diagonals, layout_basic
D:2:      layout_basic
D:3:      layout_loops_ring, zin_statuary, lemuel_tele_altar, minmay_between,
          uniq_pargi, uniq_jessica, uniq_natasha
D:4:      minmay_wonky_spiral, layout_loops_ring, nicolae_xom_altar_mimics,
          kennysheep_little_box, serial_glass, glass_columns_b, glass_columns_a,
          minmay_strange_pillars, item_on_display_a, feat_on_display
D:5:      layout_layer_cave, nzn_wu_jian_council_hall,
          mainiacjoe_overflow_brackets, mainiacjoe_overflow_boulevard,
          portal_sewer_entry_f, corexii_item_surrounded_by_moat,
          hellmonk_bongcloud_opening
D:6:      layout_rooms, minmay_temple_entry_wispy, uniq_grinder,
          uniq_crazy_yiuf_cottage
D:7:      gammafunk_steamed_eel, layout_gridville,
          grunt_temple_overflow_diamond, uniq_maggie
D:8:      layout_cave_pools, general_overflow_altar,
          mainiacjoe_overflow_tiny_flanked, mainiacjoe_overflow_24_doors,
          david_lair_shrubbed
Temple:   corrupted_temple
Lair:1:   layout_chaotic_city, st_stairs_4, serial_bayou_shore_b

Skill      XL: |  1  2  3  4  5  6  7  8  9 10 |
---------------+-------------------------------+-----
Fighting       | 4 5 6 7 8 |  8.8
Armour         | 4 5 6 7 9 |  9.7
Shields        | 4 5 6 |  6.8
Axes           | 3 4 5 6 7 8 9 |  9.6
Evocations     | 1 2 4 5 6 |  6.1
Dodging        | 1 |  1.0
Throwing       | 1 |  1.7
Ranged Weapons | |  0.2

Action                   |  1- 3 |  4- 6 |  7- 9 | 10-12 || total
-------------------------+-------+-------+-------+-------++-------
Melee: War axe           |    54 |    95 |   287 |   151 ||   587
       Headbutt          |     5 |    23 |    45 |    45 ||   118
 Fire: Sling             |       |       |     4 |       ||     4
Throw: Dart              |       |       |     6 |     1 ||     7
Evoke: Wand              |       |       |     7 |       ||     7
  Use: Scroll            |     5 |     7 |    10 |     6 ||    28
       Potion            |       |       |     2 |     1 ||     3
 Stab: Distracted        |       |       |     1 |       ||     1
Armor: Chain mail        |    28 |    65 |    71 |       ||   164
       Plate armour      |       |       |    93 |    64 ||   157
Dodge: Dodged            |    23 |    35 |    85 |    15 ||   158
Block: Buckler           |    27 |    61 |   157 |    46 ||   291
       Reflection        |     1 |       |     3 |       ||     4
